AAA
RICHMOND RAMS @ BAKERSFIELD CANNONS
07/06/2059
 
TOP OF THE 1ST
Richmond Rams batting - Pitching for Bakersfield Cannons : RHP Benjamin Narvaez
Pitching: RHP Benjamin Narvaez
Batting: RHB Linton Makepeace 0-0: SINGLE (Line Drive, 3D, EV 103.8 MPH)
Batting: LHB Del Pripisnov 0-0: Called Strike
Linton Makepeace steals 2nd base (no throw)
0-1: Swinging Strike
0-2: Strikes out looking
Batting: RHB Louis Hockney 0-0: Ground out 6-3 (Groundball, 6, EV 89.4 MPH)
Linton Makepeace to third
Batting: RHB Joseph Gazdaru 0-0: Fly out, F9 (Line Drive, 9, EV 95.0 MPH)
Top of the 1st over - 0 runs, 1 hit, 0 errors, 1 left on base; Richmond 0 - Bakersfield 0
BOTTOM OF THE 1ST
Bakersfield Cannons batting - Pitching for Richmond Rams : RHP Edmund Clinton
Pitching: RHP Edmund Clinton
Batting: RHB Zack Simmons 0-0: Ball
1-0: Ground out 6-3 (Groundball, 6, EV 105.0 MPH)
Batting: RHB Kaileb Romero 0-0: Called Strike
0-1: Called Strike
0-2: SINGLE (Line Drive, 78M, EV 106.2 MPH)
Batting: LHB Keon Kakazai 0-0: Swinging Strike
0-1: Ball
1-1: DOUBLE (Line Drive, 7LS, EV 93.1 MPH)
Kaileb Romero to third
Batting: RHB Adrian Gramling 0-0: Ball
1-0: Ball
2-0: Ball
3-0: Called Strike
3-1: Fly out, F8 (Flyball, 8LXD, EV 99.4 MPH)
Runner from 3rd tags up, SCORES, no throw by CF
Batting: RHB Turk Dorey 0-0: Ball
1-0: Called Strike
1-1: Swinging Strike
1-2: Strikes out swinging
Bottom of the 1st over - 1 run, 2 hits, 0 errors, 1 left on base; Richmond 0 - Bakersfield 1
TOP OF THE 2ND
Richmond Rams batting - Pitching for Bakersfield Cannons : RHP Benjamin Narvaez
Batting: LHB Logan Sparks 0-0: Ball
1-0: Swinging Strike
1-1: Ball
2-1: Ball
3-1: Foul Ball, location: 2F
3-2: Strikes out swinging
Batting: RHB Jeremy Hollabaugh 0-0: Ball
1-0: Ball
2-0: Foul Ball, location: 2F
2-1: Ground out 4-3 (Groundball, 4, EV 106.2 MPH)
Batting: RHB Joey Shelton 0-0: Swinging Strike
0-1: Swinging Strike
0-2: Fly out, F9 (Flyball, 9LS, EV 96.9 MPH)
Top of the 2nd over - 0 runs, 0 hits, 0 errors, 0 left on base; Richmond 0 - Bakersfield 1
BOTTOM OF THE 2ND
Bakersfield Cannons batting - Pitching for Richmond Rams : RHP Edmund Clinton
Batting: RHB Adan Natoli 0-0: Foul Ball, location: 2F
0-1: Ball
1-1: Ground out 5-3 (Groundball, 56S, EV 69.4 MPH)
Batting: LHB Carlton Carreon 0-0: Ground out 4-3 (Groundball, 4, EV 82.5 MPH)
Batting: RHB Jake Christensen 0-0: Called Strike
0-1: Called Strike
0-2: Foul Ball, location: 2F
0-2: Foul Ball, location: 2F
0-2: Ball
1-2: Strikes out swinging
Bottom of the 2nd over - 0 runs, 0 hits, 0 errors, 0 left on base; Richmond 0 - Bakersfield 1
TOP OF THE 3RD
Richmond Rams batting - Pitching for Bakersfield Cannons : RHP Benjamin Narvaez
Batting: RHB Tommy Dupree 0-0: Foul Ball, location: 2F
0-1: Ball
1-1: Ball
2-1: Swinging Strike
2-2: Ball
3-2: Strikes out swinging
Batting: RHB Andy Hugo 0-0: Ball
1-0: Ball
2-0: Ground out 6-3 (Groundball, 6, EV 80.6 MPH)
Batting: RHB Linton Makepeace 0-0: Ball
1-0: Called Strike
1-1: Ball
2-1: Swinging Strike
2-2: Strikes out swinging
Top of the 3rd over - 0 runs, 0 hits, 0 errors, 0 left on base; Richmond 0 - Bakersfield 1
BOTTOM OF THE 3RD
Bakersfield Cannons batting - Pitching for Richmond Rams : RHP Edmund Clinton
Batting: RHB Nelson Dimas 0-0: Ball
1-0: Ball
2-0: Ball
3-0: Called Strike
3-1: SINGLE (Line Drive, 9LS, EV 91.9 MPH)
Batting: RHB Zack Simmons 0-0: Called Strike
0-1: Foul Ball, location: 2F
0-2: Ball
1-2: Strikes out swinging
Batting: RHB Kaileb Romero 0-0: Ball
Nelson Dimas steals 2nd base
1-0: Ground out 4-3 (Groundball, 4, EV 88.8 MPH)
Nelson Dimas to third
Batting: LHB Keon Kakazai 0-0: Ground out 3-1 (Groundball, 34S, EV 80.6 MPH)
Bottom of the 3rd over - 0 runs, 1 hit, 0 errors, 1 left on base; Richmond 0 - Bakersfield 1
TOP OF THE 4TH
Richmond Rams batting - Pitching for Bakersfield Cannons : RHP Benjamin Narvaez
Batting: LHB Del Pripisnov 0-0: Fly out, F8 (Flyball, 8LXD, EV 92.5 MPH)
Batting: RHB Louis Hockney 0-0: Swinging Strike
0-1: Called Strike
0-2: Foul Ball, location: 2F
0-2: Ball
1-2: Ground out 1-3 (Groundball, 13, EV 69.4 MPH)
Batting: RHB Joseph Gazdaru 0-0: Called Strike
0-1: Ball
1-1: Swinging Strike
1-2: Ball
2-2: Foul Ball, location: 2F
2-2: Foul Ball, location: 2F
2-2: DOUBLE (Line Drive, 89D, EV 106.9 MPH)
Batting: LHB Logan Sparks 0-0: Called Strike
0-1: SINGLE (Groundball, 56D, EV 105.0 MPH)
Joseph Gazdaru to third
Batting: RHB Jeremy Hollabaugh 0-0: Ball
1-0: Called Strike
1-1: Called Strike
Logan Sparks steals 2nd base
1-2: Foul Ball, location: 2F
1-2: Ball
2-2: Foul Ball, location: 2F
2-2: Ball
3-2: Foul Ball, location: 2F
3-2: Foul Ball, location: 2F
3-2: Base on Balls
Batting: RHB Joey Shelton 0-0: Ball
1-0: Ball
2-0: Ball
3-0: Called Strike
3-1: Base on Balls
Joseph Gazdaru scores
Logan Sparks to third
Jeremy Hollabaugh to second
Batting: RHB Tommy Dupree 0-0: Ball
1-0: Ground out 6-3 (Groundball, P, EV 86.9 MPH)
Top of the 4th over - 1 run, 2 hits, 0 errors, 3 left on base; Richmond 1 - Bakersfield 1
BOTTOM OF THE 4TH
Bakersfield Cannons batting - Pitching for Richmond Rams : RHP Edmund Clinton
Batting: RHB Adrian Gramling 0-0: Fly out, F9 (Flyball, 9D, EV 102.5 MPH)
Batting: RHB Turk Dorey 0-0: Ball
1-0: Swinging Strike
1-1: Ball
2-1: Foul Ball, location: 2F
2-2: Foul Ball, location: 2F
2-2: Foul Ball, location: 2F
2-2: Foul Ball, location: 2F
2-2: Strikes out swinging
Batting: RHB Adan Natoli 0-0: Ball
1-0: Foul Ball, location: 2F
1-1: Swinging Strike
1-2: Ground out 5-3 (Groundball, 56, EV 103.1 MPH)
Bottom of the 4th over - 0 runs, 0 hits, 0 errors, 0 left on base; Richmond 1 - Bakersfield 1
TOP OF THE 5TH
Richmond Rams batting - Pitching for Bakersfield Cannons : RHP Benjamin Narvaez
Batting: RHB Andy Hugo 0-0: Called Strike
0-1: Ball
1-1: Ball
2-1: Foul Ball, location: 2F
2-2: Ground out 3-1 (Groundball, 34, EV 103.1 MPH)
Batting: RHB Linton Makepeace 0-0: Called Strike
0-1: Called Strike
0-2: Foul Ball, location: 2F
0-2: Ball
1-2: Ball
2-2: Ball
3-2: Ground out 4-3 (Groundball, 4, EV 103.1 MPH)
Batting: LHB Del Pripisnov 0-0: Called Strike
0-1: Ball
1-1: Ball
2-1: Foul Ball, location: 2F
2-2: Ball
3-2: Foul Ball, location: 2F
3-2: DOUBLE (Line Drive, 78XD, EV 102.5 MPH)
Pinch Runner at 2nd Jess Hajiev:
Batting: RHB Louis Hockney 0-0: 2-RUN HOME RUN (Line Drive, 7D, EV 103.8 MPH), Distance : 399 ft
Batting: RHB Joseph Gazdaru 0-0: Ball
1-0: Called Strike
1-1: Ball
2-1: Foul Ball, location: 2F
2-2: Strikes out swinging
Top of the 5th over - 2 runs, 2 hits, 0 errors, 0 left on base; Richmond 3 - Bakersfield 1
BOTTOM OF THE 5TH
Bakersfield Cannons batting - Pitching for Richmond Rams : RHP Edmund Clinton
Now at 2B: Armand Vanek
Batting: LHB Carlton Carreon 0-0: Ground out U3 (Groundball, 3L, EV 84.4 MPH)
Batting: RHB Jake Christensen 0-0: Swinging Strike
0-1: Ball
1-1: Fly out, F9 (Flyball, 9D, EV 81.2 MPH)
Batting: RHB Nelson Dimas 0-0: Ground out 6-3 (Groundball, 6S, EV 76.2 MPH)
Bottom of the 5th over - 0 runs, 0 hits, 0 errors, 0 left on base; Richmond 3 - Bakersfield 1
TOP OF THE 6TH
Richmond Rams batting - Pitching for Bakersfield Cannons : RHP Benjamin Narvaez
Pitching: LHP Dalton Robbins
Batting: LHB Logan Sparks 0-0: Ball
1-0: Called Strike
1-1: Ground out 6-3 (Groundball, 4MD, EV 90.0 MPH)
Batting: RHB Jeremy Hollabaugh 0-0: Foul Ball, location: 2F
0-1: Fly out, F6 (Popup, P, EV 73.8 MPH)
Batting: RHB Joey Shelton 0-0: Ball
1-0: Ground out 4-3 (Groundball, 4, EV 103.8 MPH)
Top of the 6th over - 0 runs, 0 hits, 0 errors, 0 left on base; Richmond 3 - Bakersfield 1
BOTTOM OF THE 6TH
Bakersfield Cannons batting - Pitching for Richmond Rams : RHP Edmund Clinton
Batting: RHB Zack Simmons 0-0: Ground out 5-3 (Groundball, 56, EV 98.1 MPH)
Batting: RHB Kaileb Romero 0-0: Ball
1-0: Ball
2-0: Ball
3-0: Called Strike
3-1: Fly out, F8 (Line Drive, 8RD, EV 98.8 MPH)
Batting: LHB Keon Kakazai 0-0: Ball
1-0: SINGLE (Line Drive, 4D, EV 98.1 MPH)
Batting: RHB Adrian Gramling 0-0: Called Strike
0-1: Ball
1-1: Foul Ball, location: 2F
1-2: Foul Ball, location: 2F
1-2: Strikes out swinging
Bottom of the 6th over - 0 runs, 1 hit, 0 errors, 1 left on base; Richmond 3 - Bakersfield 1
TOP OF THE 7TH
Richmond Rams batting - Pitching for Bakersfield Cannons : LHP Dalton Robbins
Batting: RHB Tommy Dupree 0-0: Foul Ball, location: 2F
0-1: Ball
1-1: Foul Ball, location: 2F
1-2: Ball
2-2: Ball
3-2: Ground out 5-3 (Groundball, 56S, EV 70.0 MPH)
Batting: RHB Andy Hugo 0-0: SOLO HOME RUN (Flyball, 9D, EV 103.1 MPH), Distance : 396 ft
Batting: RHB Linton Makepeace 0-0: Ball
1-0: Called Strike
1-1: Ball
2-1: Called Strike
2-2: Ball
3-2: Fly out, F8 (Line Drive, 8LD, EV 84.4 MPH)
Batting: RHB Armand Vanek 0-0: Ball
1-0: Called Strike
1-1: Hit by Pitch
Batting: RHB Louis Hockney 0-0: Ball
1-0: Ball
Wild Pitch!
Armand Vanek to second
2-0: Swinging Strike
2-1: Ball
3-1: Called Strike
3-2: Base on Balls
Batting: RHB Joseph Gazdaru 0-0: Ball
1-0: Called Strike
1-1: Called Strike
1-2: Strikes out swinging
Top of the 7th over - 1 run, 1 hit, 0 errors, 2 left on base; Richmond 4 - Bakersfield 1
BOTTOM OF THE 7TH
Bakersfield Cannons batting - Pitching for Richmond Rams : RHP Edmund Clinton
Pitching: RHP Job Odhieng
Batting: RHB Turk Dorey 0-0: Ball
1-0: Swinging Strike
1-1: Swinging Strike
1-2: Strikes out swinging
Batting: RHB Adan Natoli 0-0: Called Strike
0-1: Called Strike
0-2: Fly out, F8 (Flyball, 8RS, EV 76.9 MPH)
Batting: LHB Carlton Carreon 0-0: Ball
1-0: Ground out 4-3 (Groundball, 4, EV 86.9 MPH)
Bottom of the 7th over - 0 runs, 0 hits, 0 errors, 0 left on base; Richmond 4 - Bakersfield 1
TOP OF THE 8TH
Richmond Rams batting - Pitching for Bakersfield Cannons : LHP Dalton Robbins
Batting: LHB Logan Sparks 0-0: Ball
1-0: Reached on error, E2 (Groundball, 13S, EV 71.9 MPH)
Batting: RHB Jeremy Hollabaugh 0-0: Ball
1-0: Called Strike
1-1: Ball
2-1: Foul Ball, location: 2F
2-2: Strikes out looking
Batting: RHB Joey Shelton 0-0: Foul Ball, location: 2F
0-1: Called Strike
0-2: Strikes out swinging
Batting: RHB Tommy Dupree 0-0: Called Strike
0-1: Foul Ball, location: 2F
0-2: Ball
1-2: Foul Ball, location: 2F
1-2: Foul Ball, location: 2F
1-2: Foul Ball, location: 2F
1-2: Ball
2-2: Ball
3-2: Ground out 6-3 (Groundball, 6, EV 81.2 MPH)
Top of the 8th over - 0 runs, 0 hits, 1 error, 1 left on base; Richmond 4 - Bakersfield 1
BOTTOM OF THE 8TH
Bakersfield Cannons batting - Pitching for Richmond Rams : RHP Job Odhieng
Batting: RHB Jake Christensen 0-0: Foul Ball, location: 2F
0-1: Ball
1-1: Foul Ball, location: 2F
1-2: Foul Ball, location: 2F
1-2: Ball
2-2: Strikes out looking
Batting: RHB Nelson Dimas 0-0: Called Strike
0-1: Foul Ball, location: 2F
0-2: Strikes out looking
Batting: RHB Zack Simmons 0-0: Ground out 6-3 (Groundball, 6, EV 81.9 MPH)
Bottom of the 8th over - 0 runs, 0 hits, 0 errors, 0 left on base; Richmond 4 - Bakersfield 1
TOP OF THE 9TH
Richmond Rams batting - Pitching for Bakersfield Cannons : LHP Dalton Robbins
Pitching: RHP Leonard Yong
Batting: RHB Andy Hugo 0-0: Ball
1-0: Ball
2-0: Ball
3-0: Base on Balls
Batting: RHB Linton Makepeace 0-0: Bunt missed!
0-1: Bunted foul
0-2: Fly out, F4 (Line Drive, 4, EV 70.6 MPH)
Batting: RHB Armand Vanek 0-0: Called Strike
0-1: Ball
1-1: Ball
2-1: Swinging Strike
2-2: Fly out, F9 (Line Drive, 89M, EV 98.1 MPH)
Batting: RHB Louis Hockney 0-0: Ball
1-0: Called Strike
1-1: Ball
Wild Pitch!
Andy Hugo to second
2-1: Called Strike
2-2: SINGLE (Line Drive, 9LS, EV 101.2 MPH)
Andy Hugo to third
Runner from 3rd tries for Home, SAFE, throw by RF to home
Batting: RHB Joseph Gazdaru 0-0: Ground out 5-3 (Groundball, 56S, EV 89.4 MPH)
Top of the 9th over - 1 run, 1 hit, 0 errors, 1 left on base; Richmond 5 - Bakersfield 1
BOTTOM OF THE 9TH
Bakersfield Cannons batting - Pitching for Richmond Rams : RHP Job Odhieng
Batting: RHB Kaileb Romero 0-0: Ball
1-0: Swinging Strike
1-1: Called Strike
1-2: Ball
2-2: Strikes out swinging
Batting: LHB Keon Kakazai 0-0: Foul Ball, location: 2F
0-1: SINGLE (Groundball, 56D, EV 95.0 MPH)
Batting: RHB Adrian Gramling 0-0: Swinging Strike
0-1: Ball
1-1: Ball
2-1: Foul Ball, location: 2F
2-2: 2-RUN HOME RUN (Flyball, 7D, EV 103.8 MPH), Distance : 384 ft
Pitching: RHP Maverick Rioux
Batting: RHB Turk Dorey 0-0: Ball
1-0: Foul Ball, location: 2F
1-1: Foul Ball, location: 2F
1-2: Foul Ball, location: 2F
1-2: Foul Ball, location: 2F
1-2: Ball
2-2: Strikes out swinging
Batting: RHB Adan Natoli 0-0: Called Strike
0-1: Swinging Strike
0-2: Ball
1-2: Strikes out swinging
Bottom of the 9th over - 2 runs, 2 hits, 0 errors, 0 left on base; Richmond 5 - Bakersfield 3
Monday, March 11th , 2024 - OOTP Baseball 23.10 Build 110